 Dungeon Crawl Stone Soup version 0.30-a0-782-ge64f9170bb (webtiles) character file.

Game seed: 1330364465914793256

21 mopl the Vexing (level 2, 0/15 HPs)
             Began as a Deep Elf Enchanter on Mar 13, 2023.
             Frozen to death by an endoplasm (5 damage)
             ... on level 1 of the Dungeon.
             The game lasted 00:01:01 (356 turns).

mopl the Vexing (Deep Elf Enchanter)                 Turns: 356, Time: 00:01:01

Health: 0/15       AC:  2    Str:  5    XL:     2   Next: 65%
Magic:  6/8        EV: 12    Int: 19    God:
Gold:   78         SH:  0    Dex: 15    Spells: 5/7 levels left

rFire   . . .      SeeInvis .    a - +2 dagger (flame)
rCold   . . .      Faith    .    (no shield)
rNeg    . . .      Spirit   .    b - +0 robe
rPois   .          Reflect  .    (no helmet)
rElec   .          Harm     .    (no cloak)
rCorr   .          Rampage  .    (no gloves)
Will    .....                    (no boots)
Stlth   +++                      (no amulet)
HPRegen 0.22/turn                (no ring)
MPRegen 0.11/turn                (no ring)

@: no status effects
A: no striking features
a: no special abilities


You were on level 1 of the Dungeon.
You visited 1 branch of the dungeon, and saw 1 of its levels.

You collected 78 gold pieces.

Inventory:

Hand Weapons
 a - a +2 dagger of flaming (weapon)
Armour
 b - a +0 robe (worn)
Scrolls
 d - a scroll of enchant armour {unknown}
 e - a scroll of vulnerability {unknown}
 h - a scroll of fog {unknown}
Potions
 c - 2 potions of invisibility
 f - a potion of heal wounds {unknown}
 g - a potion of curing {unknown}
 i - a potion of brilliance {unknown}


   Skills:
 + Level 1.5 Short Blades
 - Level 2.4 Dodging
 + Level 4.0 Stealth
 + Level 3.4 Spellcasting
 + Level 4.3 Hexes


You had 5 spell levels left.
You knew the following spells:

 Your Spells              Type           Power      Damage    Failure   Level
b - Ensorcelled Hibernat  Hex/Ice        22%        N/A       9%          2

Your spell library contained the following spells:

 Spells                   Type           Power      Damage    Failure   Level
 Confusing Touch          Hex            19%        N/A       8%          3
 Tukima's Dance           Hex            19%        N/A       8%          3
 Dazzling Flash           Conj/Hex       22%        N/A       19%         3


Dungeon Overview and Level Annotations

Branches:
Dungeon (1/15)

Altars:


Message History

You hit the giant cockroach. You burn the giant cockroach.
The giant cockroach is heavily wounded.
The giant cockroach bites you.
You hit the giant cockroach but do no damage.
The giant cockroach is heavily wounded.
The giant cockroach bites you but does no damage.
You hit the giant cockroach. You burn the giant cockroach.
The giant cockroach is almost dead.
The giant cockroach barely misses you.
You barely miss the giant cockroach.
The giant cockroach is almost dead.
The giant cockroach bites you.
You hit the giant cockroach. You burn the giant cockroach.
You kill the giant cockroach!
Things that are here:
a +0 club; 5 stones; a giant cockroach corpse The goblin shouts!
The endoplasm quivers.
The endoplasm jiggles.
The goblin hits you but does no damage.
You closely miss the goblin. The goblin barely misses you.
You barely miss the goblin. The goblin barely misses you.
You hit the goblin. You burn the goblin.
The goblin is heavily wounded.
The goblin hits you with a +0 club.
The goblin resists with significant effort.
The goblin hits you with a +0 club. The endoplasm freezes you.
You are frozen.
You are too injured to fight recklessly!
You are too injured to fight recklessly!
You are too injured to fight recklessly!
You hit the endoplasm. You burn the endoplasm.
The endoplasm is heavily wounded.
The goblin hits you with a +0 club. The endoplasm closely misses you.
You hit the endoplasm. You burn the endoplasm.
The endoplasm is almost dead.
The goblin misses you. The endoplasm freezes you.
You are frozen.
You die...

##............
#.............
#.............
#.............
#.............
#..?..........
#......g......
#....@J....!.
##.....#.....
##.#........
##.........##
######...#.####.#
#..........# ##.#
#.........###...#
#....[.....)..#
#####.........#####


You could see an endoplasm and a goblin.

Vanquished Creatures
  2 ball pythons (D:1)
  2 bats (D:1)
  2 endoplasms (D:1)
  A giant cockroach (D:1)
  2 hobgoblins (D:1)
  2 quokkas (D:1)
  3 frilled lizards (D:1)
  2 goblins (D:1)
  2 kobolds (D:1)
18 creatures vanquished.

Vanquished Creatures (others)
  A plant (D:1)
1 creature vanquished.

Grand Total: 19 creatures vanquished

Notes
Turn   | Place    | Note
-------+----------+-------------------------------------------
     0 | D:1      | mopl the Deep Elf Enchanter began the quest for the Orb.
     0 | D:1      | Reached XP level 1. HP: 10/10 MP: 6/6
   162 | D:1      | Reached XP level 2. HP: 6/15 MP: 8/8
   165 | D:1      | Learned a level 2 spell: Ensorcelled Hibernation
   309 | D:1      | Reached skill level 4 in Stealth
   356 | D:1      | Frozen to death by an endoplasm

Illustrated notes

Levels and vault maps discovered:
D:1:      kennysheep_arrival_seaside, layout_rooms, serial_bayou,
          serial_bayou_shore_b, serial_bayou_pond_a, serial_bayou_ford_a,
          serial_bayou_pond_e, kennysheep_doodads

Skill      XL: |  1  2 |
---------------+-------+-----
Stealth        | 4 |  4.0
Short Blades   | |  1.5
Dodging        | |  2.4
Spellcasting   | |  3.4
Hexes          | |  4.3

Action                     || total
---------------------------++-------
  Melee: Dagger            ||    56
   Cast: Ensorcelled Hiber ||     2
   Stab: Sleeping          ||     1
 Armour: Robe              ||    10
  Dodge: Dodged            ||    39

Table legend: (Time is in decaauts)
 A = Elapsed time spent in this place.
 B = Non-inter-level travel time spent in this place.
 C = Inter-level travel time spent in this place.
 D = Time resting spent in this place.
 E = Time spent auto-exploring this place.
 F = Levels seen in this place.
 G = Mean time per level.
                   A        B        C        D        E       F      G
               +--------+--------+--------+--------+--------+-----+--------+
         Total |    354 |    354 |      0 |     57 |    144 |   1 |  354.0 |
       Dungeon |    354 |    354 |      0 |     57 |    144 |   1 |  354.0 |
               +--------+--------+--------+--------+--------+-----+--------+

Top non-repeatable levels by time:
     D:1: 354 daAuts
